 Dungeon Crawl Stone Soup version 0.22.1-5-g62c59d9 (webtiles) character file.

102 nicolaieve the Cudgeler (level 4, -3/39 HPs)
             Began as a Minotaur Berserker on Jan 15, 2019.
             Was a Believer of Trog.
             Slain by a gnoll (4 damage)
             ... on level 3 of the Dungeon.
             The game lasted 00:03:05 (1282 turns).

nicolaieve the Cudgeler (Minotaur Berserker)        Turns: 1282, Time: 00:03:05

Health: -3/39      AC:  8    Str: 23    XL:     4   Next: 49%
Magic:  0/3        EV:  8    Int:  4    God:    Trog [**....]
Gold:   63         SH:  0    Dex:  9    Spells: 3/3 levels left

rFire    . . .     SeeInvis .   a - +0 mace
rCold    . . .     Gourm    .   (no shield)
rNeg     . . .     Faith    .   j - +0 chain mail
rPois    .         Spirit   +   (helmet restricted)
rElec    .         Reflect  .   (no cloak)
rCorr    .         Harm     .   (no gloves)
MR       .....                  (no boots)
Stlth    ..........             i - amulet of guardian spirit
HPRegen  0.13/turn              (no ring)
MPRegen  0.08/turn              (no ring)

@: no status effects
A: retaliatory headbutt, horns 2
a: Berserk, Trog's Hand, Renounce Religion


You were on level 3 of the Dungeon.
You worshipped Trog.
Trog was pleased with you.
You were not hungry.

You visited 1 branch of the dungeon, and saw 3 of its levels.

You collected 63 gold pieces.

Inventory:

Hand Weapons
 a - a +0 mace (weapon)
Missiles
 g - 137 stones (quivered)
Armour
 b - a +0 animal skin
 f - a +0 leather armour
 j - a +0 chain mail (worn)
Jewellery
 i - an amulet of guardian spirit (around neck)
Wands
 o - a wand of paralysis (10)
Scrolls
 e - a scroll of fog {unknown}
 h - a scroll of teleportation {unknown}
 m - 3 scrolls of identify {unknown}
Potions
 d - 2 potions of curing {unknown}
 k - a potion of might {unknown}
 n - a potion of berserk rage {unknown}
Comestibles
 c - 5 rations
 l - 5 chunks of flesh


   Skills:
 - Level 3.6 Fighting
 + Level 6.4 Maces & Flails
 - Level 2.4 Armour
 - Level 2.1 Dodging


You had 3 spell levels left.
You didn't know any spells.
Your spell library was empty.

Dungeon Overview and Level Annotations

Branches:
Dungeon (3/15)

Altars:
Kikubaaqudgha


Innate Abilities, Weirdness & Mutations

You reflexively headbutt those who attack you in melee.
You have a pair of horns on your head.


Message History

The gnoll misses you. The gnoll barely misses you.
You hit the gnoll. Your headbutt misses the gnoll.
The gnoll is lightly wounded.
The gnoll barely misses you. You furiously retaliate!
You headbutt the gnoll, but do no damage.
The gnoll closely misses you. x2; The gnoll barely misses you.
You furiously retaliate!
You headbutt the gnoll. You closely miss the gnoll. You headbutt the gnoll.
The gnoll is lightly wounded.
The gnoll hits you.
The gnoll hits you but does no damage. x2
The gnoll barely misses you.
You sock the gnoll! Your headbutt misses the gnoll.
The gnoll is almost dead.
The gnoll barely misses you. The gnoll hits you with a club!
The gnoll hits you from afar with a halberd!
* * * LOW HITPOINT WARNING * * *
The gnoll hits you with a halberd!
* * * LOW HITPOINT WARNING * * *
The gnoll hits you.
You die...

### . ..# #. #.##
#.# ..# ....###.#
..# ......... #.##
. ..#..O#.###8.8#.#
# .....ggg........
# ......g@..# 8# #.
# ..#...##.## .#
##.## #
...!#.##.##..#
#...##### ..#
#.......# #...#...#
. ####.####
#........
##.#######........
##...##............
#..................
#[...##............


You could see an ogre and 4 gnolls.

Vanquished Creatures
  3 gnolls (D:2)
  3 adders
  A worm (D:2)
  A dart slug (D:2)
  A leopard gecko (D:3)
  7 bats
  A giant cockroach (D:2)
  5 goblins
  5 hobgoblins
  5 jackals (D:1)
  3 frilled lizards
  4 kobolds
  2 rats (D:1)
41 creatures vanquished.

Vanquished Creatures (others)
  A human (D:3)
1 creature vanquished.

Grand Total: 42 creatures vanquished

Notes
Turn   | Place    | Note
-------+----------+-------------------------------------------
     0 | D:1      | nicolaieve the Minotaur Berserker began the quest for the
                  | Orb.
     0 | D:1      | Reached XP level 1. HP: 19/19 MP: 0/0
    65 | D:1      | Reached skill level 4 in Maces & Flails
   156 | D:1      | Reached XP level 2. HP: 15/26 MP: 1/1
   754 | D:2      | Reached ** piety under Trog
   778 | D:2      | Reached skill level 5 in Maces & Flails
   813 | D:2      | Reached XP level 3. HP: 31/31 MP: 2/2
   884 | D:2      | Reached skill level 6 in Maces & Flails
   884 | D:2      | Reached XP level 4. HP: 18/39 MP: 0/3
  1188 | D:3      | Found an ancient bone altar of Kikubaaqudgha.
  1188 | D:3      | Noticed a human
  1192 | D:3      | Killed a human
  1209 | D:3      | Found a faded altar of an unknown god.
  1277 | D:3      | Noticed an ogre
  1282 | D:3      | HP: 1/39 [gnoll/halberd (7)]
  1282 | D:3      | Slain by a gnoll

Skill      XL: |  1  2  3 |
---------------+----------+-----
Maces & Flails | 4 5 6 |  6.4
Fighting       | |  3.6
Armour         | |  2.4
Dodging        | |  2.1

Action                   |  1- 3 |  4- 6 || total
-------------------------+-------+-------++-------
Melee: Mace              |    84 |    37 ||   121
       Headbutt          |    12 |     6 ||    18
  Eat: Chunk             |       |     1 ||     1
Armor: Leather armour    |     9 |       ||     9
       Animal skin       |     1 |       ||     1
       Chain mail        |    23 |    17 ||    40
Dodge: Dodged            |    35 |    28 ||    63
